 Dungeon Crawl Stone Soup version 0.21-a0-286-g6fcecc0 (webtiles) character file.

189 pichaelthompson the Magician (level 5, 0/34 HPs)
             Began as an Octopode Wizard on Sept 26, 2017.
             Slain by a hound (2 damage)
             ... on level 3 of the Dungeon.
             The game lasted 00:13:29 (3618 turns).

pichaelthompson the Magician (Octopode Wizard)      Turns: 3618, Time: 00:13:30

Health: 0/34       AC:  1    Str:  7    XL:     5   Next: 68%
Magic:  16/20      EV: 13    Int: 22    God:
Gold:   150        SH:  0    Dex: 11    Spells: 4/12 levels left

rFire    . . .     SeeInvis .   u - +0 dagger (elec)
rCold    . . .     Gourm    .   (no shield)
rNeg     . . .     Faith    .   a - +0 hat
rPois    .         Spirit   .   B - amulet of rage
rElec    .         Reflect  .   h - ring of protection from magic (curse)
rCorr    .         Harm     .   k - +2 ring of intelligence
MR       +....                  s - ring of magical power
Stlth    +++.......             (no ring)
HPRegen  0.11/turn              (no ring)
MPRegen  0.17/turn              (no ring)
                                (no ring)
                                (no ring)

@: no status effects
A: almost no armour, stealthy swim, amphibious, 8 rings, constrict 8, camouflage
1, gelatinous body 1
a: Evoke Berserk Rage


You were on level 3 of the Dungeon.
You were not hungry.

You visited 1 branch of the dungeon, and saw 4 of its levels.

You collected 150 gold pieces.

Inventory:

Hand Weapons
 u - a +0 dagger of electrocution (weapon)
 x - a +4 spear
Armour
 a - a +0 hat (worn)
Jewellery
 e - an uncursed amulet of guardian spirit
 h - a cursed ring of protection from magic (left tentacle)
 k - a +2 ring of intelligence (right tentacle)
 m - an uncursed ring of poison resistance {unknown}
 s - a ring of magical power (on tentacle)
 B - an amulet of rage (around mantle)
Wands
 A - a wand of random effects (10/48)
Scrolls
 f - a scroll of enchant weapon {unknown}
 g - a scroll of identify {unknown}
 l - a scroll of fear {unknown}
 n - a scroll of random uselessness {unknown}
 q - a scroll of enchant armour {unknown}
 r - a scroll of amnesia {unknown}
 v - a scroll of teleportation {unknown}
 y - a scroll of recharging {unknown}
 z - a scroll of noise {unknown}
Potions
 d - a potion of agility {unknown}
 i - a potion of brilliance {unknown}
 o - 2 potions of degeneration {unknown}
 p - a potion of flight {unknown}
 t - a potion of ambrosia {unknown}
 w - a potion of resistance {unknown}
 C - 2 potions of curing
Books
 b - a book of Minor Magic

   Spells                             Type                      Level
   a - Magic Dart                     Conjuration                  1
   b - Blink                          Translocation                2
   c - Call Imp                       Summoning                    2
   d - Slow                           Hexes                        2
   e - Conjure Flame                  Conjuration/Fire             3
   f - Mephitic Cloud                 Conjuration/Poison/Air       3
Comestibles
 c - 4 bread rations
 j - 2 meat rations


   Skills:
 * Level 1.7 Fighting
 + Level 0.4 Short Blades
 * Level 2.4 Dodging
 + Level 2.8 Stealth
 * Level 4.2 Spellcasting
 * Level 2.5 Conjurations
 * Level 1.5 Summonings
 * Level 1.4 Translocations
 * Level 0.8 Fire Magic


You had 4 spell levels left.
You knew the following spells:

 Your Spells              Type           Power        Failure   Level  Hunger
a - Magic Dart            Conj           ###.         3%          1    None
b - Call Imp              Summ           ##......     9%          2    #......
c - Conjure Flame         Conj/Fire      ##......     17%         3    ##.....
d - Blink                 Tloc           N/A          10%         2    #......


Dungeon Overview and Level Annotations

Branches:
Dungeon (4/15)
 Temple: D:4-7

Altars:
Elyvilon


Innate Abilities, Weirdness & Mutations

You cannot wear most types of armour.
You are very stealthy in the water. (Stealth+)
You are amphibious.
You can wear up to eight rings at the same time.
You can use your tentacles to constrict eight enemies at once.
Your skin changes colour to match your surroundings (Stealth+).
Your rubbery body absorbs attacks. (AC +1, EV +1)


Message History

Aiming: Magic Dart
Press: ? - help, Shift-Dir - straight line, f/p - hound
Aim: a hound (moderately wounded, constricted by you)
The magic dart hits the hound.
The hound is heavily wounded.
You constrict the hound, but do no damage.
The hound barely misses you. The hound bites you but does no damage.
Casting: Magic Dart
Confirm with . or Enter, or press ? or * to list all spells.
Aiming: Magic Dart
Press: ? - help, Shift-Dir - straight line, f/p - hound
Aim: a hound (heavily wounded, constricted by you)
The magic dart hits the hound.
The hound is severely wounded.
You constrict the hound. The hound bites you.
* * * LOW HITPOINT WARNING * * *
You hit the hound.
The hound is almost dead.
You constrict the hound. The hound misses you. The hound bites you.
You die...

### ### #.# #.# #.#
########.##
#########.######..........
#......................รท##
#########.##.###..########
#.................
#@##.###..######.# #h##.#
#..# #.#
#######.##.###..######.#
#......>................
#.#####.........######.#
#.# #.##.###..# #.# #.#
#.##.###..######.# #.#
#..............#.# #.#
#####...............


You could see a hound.

Vanquished Creatures
  A howler monkey (D:4)
  Jessica (D:2)
  An iguana (D:4)
  A gnoll (D:3)
  4 adders
  3 oozes (D:1)
  2 worms
  2 leopard geckos
  3 orcs (D:3)
  A giant cockroach (D:3)
  3 goblins
  A hobgoblin (D:1)
  4 bats
  3 frilled lizards
  4 kobolds
  3 rats (D:1)
37 creatures vanquished.

Notes
Turn   | Place    | Note
-------+----------+-------------------------------------------
     0 | D:1      | pichaelthompson the Octopode Wizard began the quest for the Orb.
     0 | D:1      | Reached XP level 1. HP: 11/11 MP: 4/4
   279 | D:1      | Reached XP level 2. HP: 10/18 MP: 0/6
   501 | D:1      | Learned a level 2 spell: Call Imp
   946 | D:1      | Reached XP level 3. HP: 22/22 MP: 6/8
  1161 | D:2      | Reached skill level 1 in Fighting
  1307 | D:2      | Learned a level 3 spell: Conjure Flame
  1310 | D:2      | Learned a level 2 spell: Blink
  1455 | D:2      | Noticed Jessica
  1469 | D:2      | Killed Jessica
  1469 | D:2      | Reached XP level 4. HP: 28/28 MP: 2/9
  2382 | D:3      | Reached skill level 4 in Spellcasting
  2794 | D:3      | Found a faded altar of an unknown god.
  2838 | D:3      | Found a white marble altar of Elyvilon.
  3067 | D:4      | Reached XP level 5. HP: 33/33 MP: 11/11
  3185 | D:4      | Noticed an ogre
  3531 | D:4      | Noticed a sky beast
  3618 | D:3      | Slain by a hound

Vault maps used:
D:1:      dpeg_arrival_water_temple_mockup, serial_co_window_serial,
          co_window_corner_a, co_window_paths_a, co_window_of_opportunity_a,
          co_window_paths_a, co_window_of_opportunity_a, co_window_broadway_c,
          co_window_corner_cb, co_window_corner_b, co_window_broadway_a,
          glass_columns_a, glass_columns_c, glass_columns_b
D:2:      first_bread, uniq_jessica
D:3:      lemuel_round_altar, chequers_ecumenical_altar_simple_redux
D:4:      grunt_temple_overflow_diamond, serial_shops, shop

Skill      XL: |  1  2  3  4 |
---------------+-------------+-----
Fighting       | 1 |  1.7
Conjurations   | 2 |  2.5
Spellcasting   | 4 |  4.2
Short Blades   | |  0.4
Dodging        | |  2.4
Stealth        | |  2.8
Summonings     | |  1.5
Translocations | |  1.4
Fire Magic     | |  0.8

Action                   |  1- 3 |  4- 6 || total
-------------------------+-------+-------++-------
Melee: Unarmed           |     8 |       ||     8
       Tentacles         |     3 |     6 ||     9
       Dagger            |       |    26 ||    26
       Constrict         |       |     8 ||     8
 Cast: Magic Dart        |    37 |    74 ||   111
       Conjure Flame     |       |     1 ||     1
       Blink             |       |     2 ||     2
  Eat: Chunk             |     1 |     5 ||     6
       Fruit             |       |     2 ||     2
Armor: Skin              |     3 |     1 ||     4
Dodge: Dodged            |    13 |    16 ||    29

Table legend:
 A = Spawn XP
 B = Non-spawn XP
 C = Spawn XP percentage of total XP
 D = Spawn monster count
 E = Non-spawn monster count
 F = Spawn count percentage of total count
 G = Total turns spent on level
                    A         B        C        D         E        F      G
               +---------+---------+-------+---------+---------+-------+---------
         Total |       0 |     270 |   0.0 |       0 |      37 |   0.0 |  3618
               +---------+---------+-------+---------+---------+-------+---------
           D:1 |       0 |      34 |   0.0 |       0 |      12 |   0.0 |  1123
           D:2 |       0 |      86 |   0.0 |       0 |       8 |   0.0 |   889
           D:3 |       0 |      58 |   0.0 |       0 |      15 |   0.0 |  1255
           D:4 |       0 |      92 |   0.0 |       0 |       2 |   0.0 |   351
               +---------+---------+-------+---------+---------+-------+---------
